Map: Prion Terraces

Players

JimRising

  • Race: Zerg Zerg

viOlet - Winner!

  • Race: Zerg Zerg

Event: DreamHack Open Tours WCS Spring Championship

VOD

Have the link to the VOD?

Description

Time

  • Played on: May 14, 2016, 3:28 p.m.
  • Length: 9:34

All games in this series

Show
View Real Time Build Order
Export as new Build Order

JimRising Zerg 

Build Orders: Hatch First 

Get SALT Encoding   

  12  0:00  Drone  
  13  0:13  Overlord  
  13  0:17  Drone  
  14  0:31  Drone  
  14  0:32  Drone  
  16  0:48  Hatchery  
  15  0:52  Drone  
  16  1:06  Spawning Pool  
  16  1:09  Drone  
  16  1:14  Drone  
  16  1:15  Extractor  
  16  1:17  Drone  
  17  1:21  Drone  
  18  1:33  Drone  
  19  1:41  Overlord  
  19  1:52  Queen, Drone  
  22  2:00  Queen  
  24  2:05  Drone  
  24  2:07  Drone  
  26  2:11  Drone  
  26  2:14  Drone  
  28  2:21  Drone  
  29  2:29  Queen  
  29  2:31  Overlord  
  29  2:34  Drone  
  32  2:42  Drone  
  33  2:46  Drone x2  
  35  2:55  Lair  
  35  2:56  Drone x2  
  37  3:00  Roach Warren  
  37  3:03  Evolution Chamber  
  35  3:07  Drone x3  
  35  3:10  Overlord  
  35  3:11  Extractor  
  37  3:18  Drone x2  
  39  3:24  Extractor  
  39  3:26  Drone  
  39  3:29  Drone  
  39  3:31  Extractor  
  39  3:36  Spine Crawler, Drone x3  
  39  3:40  Drone x3  
  44  3:47  Drone x2  
  46  3:54  Drone  
  46  3:55  Spire, Drone  
  47  4:07  Overlord x2  
  47  4:13  Hatchery  
  47  4:16  Overlord  
  46  4:29  Overlord  
  46  4:44  Roach x3  
  46  4:45  Overlord  
  52  5:04  Roach  
  52  5:05  Roach x6  
  52  5:06  Roach  
  68  5:08  Mutalisk  
  70  5:14  Mutalisk  
  70  5:15  Mutalisk  
  70  5:16  Mutalisk  
  70  5:17  Mutalisk  
  70  5:19  Mutalisk  
  76  5:21  Queen  
  76  5:25  Mutalisk  
  76  5:26  Mutalisk  
  76  5:36  Mutalisk  
  78  5:44  Roach x2  
  81  5:55  Drone x2  
  81  5:56  Queen, Drone x2  
  83  6:03  Zerg Missile Weapons Level 1  
  85  6:08  Drone x5  
  90  6:13  Overlord x4  
  90  6:32  Roach x3  
  94  6:41  Extractor  
  94  6:42  Roach, Extractor  
  94  6:43  Roach x6  
  94  6:44  Roach x2  
  94  6:47  Roach x3  
  116  6:55  Drone x3  
  116  6:56  Drone  
  116  6:57  Roach  
  122  7:04  Hatchery  
  122  7:07  Roach  
  121  7:15  Overlord x2  
  121  7:22  Overlord  
  121  7:31  Overlord x3  
  121  7:33  Roach  
  121  7:34  Roach x3  
  121  7:36  Overlord  
  129  7:40  Ravager  
  129  7:41  Ravager x3  
  129  7:42  Roach x2  
  137  7:49  Roach  
  137  7:50  Roach x2  
  137  7:51  Roach x4  
  149  7:52  Roach x2  
  149  7:56  Roach  
  157  7:59  Roach x2  
  157  8:02  Overlord, Roach  
  163  8:08  Roach x2  
  163  8:09  Drone  
  168  8:13  Roach  
  168  8:16  Roach  
  168  8:19  Drone  
  173  8:21  Roach x2  
  173  8:22  Roach  
  179  8:32  Overseer  
  165  8:35  Roach  
  165  8:36  Roach x6  
  165  8:37  Roach  
  163  8:42  Roach  
  163  8:44  Roach  
  157  8:50  Roach  
  157  8:51  Roach  
  119  9:13  Roach  
  119  9:14  Roach x4  
Show
View Real Time Build Order
Export as new Build Order

viOlet Zerg - Winner!

Build Orders: Hatch First 

Get SALT Encoding   

  12  0:00  Drone  
  13  0:12  Overlord  
  13  0:17  Drone  
  14  0:30  Drone x2  
  14  0:35  Drone  
  17  0:50  Hatchery  
  17  0:54  Drone  
  17  0:57  Drone  
  18  1:10  Spawning Pool  
  17  1:12  Extractor  
  17  1:15  Drone  
  17  1:18  Drone  
  18  1:28  Drone  
  19  1:38  Overlord  
  19  1:50  Drone  
  20  1:57  Queen  
  20  2:00  Zergling x2  
  23  2:01  Queen  
  23  2:03  Drone  
  26  2:12  Drone  
  26  2:13  Drone  
  28  2:23  Drone  
  28  2:24  Drone  
  30  2:33  Queen, Drone  
  30  2:35  Overlord  
  33  2:44  Drone  
  33  2:48  Lair  
  33  2:50  Drone  
  34  2:54  Drone  
  34  2:57  Extractor  
  34  2:58  Drone  
  35  3:06  Drone  
  35  3:07  Drone x3  
  35  3:09  Evolution Chamber  
  38  3:13  Drone  
  38  3:15  Roach Warren  
  38  3:27  Overlord  
  38  3:28  Drone  
  38  3:29  Drone  
  38  3:33  Extractor  
  39  3:37  Zerg Missile Weapons Level 1  
  39  3:38  Drone x2  
  39  3:39  Overlord x2  
  41  3:50  Overseer  
  41  3:52  Drone x2  
  47  3:55  Roach x2  
  47  3:56  Roach x2  
  47  4:01  Roach  
  53  4:09  Roach x2  
  57  4:13  Roach  
  57  4:14  Roach  
  57  4:15  Overlord  
  61  4:20  Roach x2  
  61  4:22  Hatchery  
  64  4:24  Roach x2  
  68  4:32  Overlord  
  68  4:35  Roach  
  68  4:36  Glial Reconstitution  
  70  4:44  Roach  
  70  4:45  Roach  
  74  4:46  Roach  
  74  4:51  Roach  
  74  4:52  Roach x2  
  82  5:01  Queen  
  82  5:03  Overlord  
  84  5:08  Overlord  
  84  5:09  Overlord  
  84  5:18  Queen  
  82  5:28  Drone  
  82  5:29  Drone x3  
  84  5:36  Queen  
  84  5:37  Drone x4  
  84  5:38  Drone  
  84  5:40  Roach x2  
  75  5:50  Spore Crawler  
  75  5:51  Spore Crawler  
  69  5:58  Roach  
  69  6:02  Drone x3  
  69  6:04  Spore Crawler  
  69  6:06  Spore Crawler  
  69  6:09  Roach x3  
  69  6:11  Queen  
  74  6:12  Queen  
  74  6:17  Drone x4  
  80  6:34  Drone x7  
  80  6:37  Queen  
  89  6:40  Zerg Missile Weapons Level 2  
  89  6:45  Tunneling Claws  
  89  6:47  Burrow, Overlord  
  89  6:48  Overlord  
  89  6:56  Spore Crawler  
  88  7:03  Hydralisk Den  
  83  7:10  Roach  
  83  7:11  Roach x8  
  100  7:19  Roach x2  
  104  7:29  Roach  
  105  7:30  Overlord  
  105  7:38  Overlord x2  
  105  7:39  Overlord x4  
  105  8:07  Overlord x4  
  105  8:09  Roach x16  
  105  8:10  Spine Crawler x2  
  105  8:11  Spine Crawler, Roach x3  
  105  8:12  Spine Crawler  
  101  8:13  Spine Crawler  
  101  8:19  Roach x2  
  104  8:20  Roach  
  104  8:26  Roach x2  
  116  8:27  Roach x3  
  116  8:29  Roach x3  
  116  8:30  Roach  
  116  8:31  Roach x2  
  122  8:36  Spine Crawler x2  
  122  8:38  Roach x2  
  122  8:39  Evolution Chamber, Roach x2  
  119  8:41  Spine Crawler  
  118  8:50  Roach  
  118  8:51  Ravager  
  118  8:52  Overlord x3, Ravager x5  
  118  8:53  Overlord  
  119  8:59  Evolution Chamber, Roach  
  106  9:07  Roach x3  

Tags
 
Add a new tag
Caveats
  • Supply blocks, unpowered buildings, or Contaminate may cause inaccurate times.
  • Supply counts are checked every 10 seconds.